Inferno vs Sasquatch

Created - June 12, 2017 at 19:39

Goals
1 2 3 T
Inferno 1 2 0 3
Sasquatch 0 3 1 4
Shots
1 2 3 T
Inferno 14 13 12 39
Sasquatch 6 10 13 29

1st period

1. Inferno , Stephane Veilleux 6 (Mikhail Grabovski 13, Vladimir Zharkov 5) at 10:50

Penalties :
Vladimir Zharkov (Anc) for Boarding (Minor) at 12:56, Lars Eller (Gat) for Hooking (Minor) at 16:37, Yann Sauvé (Gat) for Interference (Minor) at 19:09

2nd period

2. Sasquatch , Jason Zucker 6 (Yann Sauvé 6) at 1:33
3. Sasquatch , Linus Omark 9 (Jason Akeson 8) at 2:41 (PP)
4. Inferno , Stephane Veilleux 7 (Vladimir Zharkov 6) at 6:28
5. Inferno , Kyle Palmieri 7 (Vladimir Sobotka 12, David Ullstrom 7) at 7:23
6. Sasquatch , Stephane Da Costa 2 (Linus Omark 9, Danny DeKeiser 4) at 10:38

Penalties :
Mathieu Brodeur (Anc) for Boarding (Minor) at 2:32, Matt Kassian (Anc) for Goalie Interference (Minor) at 17:39

3rd period

7. Sasquatch , Lars Eller 7 (D.J King 5, James Wisniewski 1) at 9:32

Penalties :
Linus Omark (Gat) for Interference (Minor) at 13:03, Anders Lee (Anc) for Hooking (Minor) at 15:32

Goalie Stats

Josh Harding (Anc), 25 saves from 29 shots - (0.862), L, 6-5-0, 59:31 minutes
Corey Crawford (Gat), 36 saves from 39 shots - (0.923), W, 7-6-0, 60:00 minutes

Players Stats for Inferno

Player Name              G  A  P  +/- PIM S  H  SB GA TA FO     MP     PP MP  PK MP  
------------------------------------------------------------------------------------
Anders Lee               0  0  0  -1  2   4  0  0  1  0  4/8    10:09   0:29   0:25 
Beau Bennett             0  0  0  -1  0   0  1  1  0  0  0/0     9:22   0:29   0:00 
Brendan Mikkelson        0  0  0  -1  0   2  2  2  0  0  0/0    23:33   1:38   2:47 
Christian Folin          0  0  0   0  0   0  1  0  0  0  0/0     8:42   1:38   0:00 
Colby Robak              0  0  0   1  0   2  3  2  0  0  0/0    29:12   4:19   3:19 
David Savard             0  0  0  -1  0   1  2  1  0  0  0/0    18:40   0:00   2:47 
David Ullstrom           0  1  1   0  0   3  3  0  0  0  0/0    19:06   1:41   1:51 
Frank Corrado            0  0  0   0  0   0  1  1  0  1  0/0    10:08   0:00   0:00 
Kyle Palmieri            1  0  1   0  0   7  4  0  1  0  1/1    16:13   1:41   0:00 
Mathieu Brodeur          0  0  0   0  2   0  0  3  0  2  0/0    10:07   0:00   0:00 
Matt Kassian             0  0  0  -1  2   0  2  0  0  0  1/3     9:42   0:29   0:00 
Matthew Nieto            0  0  0   0  0   1  0  0  2  0  0/1     7:46   0:00   1:05 
Mikhail Grabovski        0  1  1   1  0   10 1  1  1  0  21/34  23:40   3:47   1:51 
Simon Danis-Pepin        0  0  0   1  0   1  2  3  0  0  0/0    26:07   4:19   3:19 
Stephane Veilleux        2  0  2   1  0   4  2  0  0  0  2/2    23:43   3:47   3:07 
Victor Rask              0  0  0   0  0   0  1  0  0  0  1/2     6:30   0:00   0:00 
Vladimir Sobotka         0  1  1   0  0   2  0  0  1  0  9/16   19:17   1:41   3:04 
Vladimir Zharkov         0  2  2   1  2   2  2  0  0  1  1/3    21:53   3:47   0:49 

Players Stats for Sasquatch

Player Name              G  A  P  +/- PIM S  H  SB GA TA FO     MP     PP MP  PK MP  
------------------------------------------------------------------------------------
Brock Trotter            0  0  0   0  0   3  1  0  0  0  0/0    11:55   0:08   1:32 
D.J King                 0  1  1   0  0   1  1  3  1  1  1/2    19:49   0:00   3:12 
Danny DeKeiser           0  1  1  -1  0   2  2  2  0  0  0/0    25:56   3:36   1:41 
Drew Shore               0  0  0   0  0   0  2  1  0  0  10/16  14:11   0:00   3:56 
Garnet Hathaway          0  0  0   1  0   0  0  0  0  0  0/0     6:08   0:00   0:00 
James Wisniewski         0  1  1   0  0   2  0  2  0  0  0/0    16:13   2:30   2:13 
Jason Akeson             0  1  1  -1  0   1  2  0  1  0  0/2    18:43   3:13   0:00 
Jason Zucker             1  0  1   1  0   4  0  0  0  0  0/0     9:39   2:45   0:33 
Jonathan Blum            0  0  0   1  0   2  1  4  1  2  0/0    25:19   2:30   4:16 
Kris Russell             0  0  0  -1  0   0  1  4  0  0  0/0    22:17   0:00   1:41 
Lars Eller               1  0  1   0  2   5  2  0  0  0  5/10   17:58   3:10   0:00 
Linus Omark              1  1  2  -1  2   3  1  2  1  0  1/3    21:01   3:13   0:54 
Michal Jordan            0  0  0   2  0   0  0  0  0  1  0/0     5:32   0:00   0:00 
Ryan Strome              0  0  0   0  0   0  3  0  0  0  0/0    11:46   2:44   0:00 
Sergey Kalinin           0  0  0   1  0   0  1  0  0  0  2/5     8:50   0:12   1:47 
Stephane Da Costa        1  0  1  -1  0   2  0  0  0  0  11/32  18:17   2:45   0:00 
Tyler Randell            0  0  0   0  0   1  2  0  0  0  0/0    15:44   0:08   0:00 
Yann Sauvé               0  1  1  -1  2   3  2  1  0  2  0/0    24:42   3:36   2:03 

3 Stars

1 - Stephane Veilleux (Anc)
2 - Kyle Palmieri (Anc)
3 - Jason Zucker (Gat)

Power Play

Inferno - 0 on 3 Attempt(s) - 0.00%
Sasquatch - 1 on 4 Attempt(s) - 25.00%

Penalty Kill

Inferno - 3 on 4 Attempt(s) - 75.00% - Score 0 goal in Penalty Kill
Sasquatch - 3 on 3 Attempt(s) - 100.00% - Score 0 goal in Penalty Kill

Team Stat

Inferno - Hits : 27 - Faceoff Wins : 40 - Blocked Shots : 14 - Penalty Minutes : 8
Sasquatch - Hits : 21 - Faceoff Wins : 30 - Blocked Shots : 19 - Penalty Minutes : 6

Official

Referees : Joannette Marc and Pochmara Brian
Linesman : Don Henderson and Lyle Seitz

Game Notes

No Game Note

Finance

Level 1 -- Attendance: 2000 (100.00%) -- Ticket Income $70,000
Level 2 -- Attendance: 991 (99.10%) -- Ticket Income $14,865
Total Attendance: 2991 (99.70%)
Total Ticket Income: $84,865
Other Income: $4,243
Total Income: $89,108

Inferno

5 vs 5 Forward 
   Center                   Left Wing                Right Wing               Time % Phy DF OF 
 1 Mikhail Grabovski        Stephane Veilleux        Vladimir Zharkov         40     1   2  2  
 2 Vladimir Sobotka         David Ullstrom           Kyle Palmieri            30     1   2  2  
 3 Anders Lee               Matt Kassian             Beau Bennett             20     1   2  2  
 4 Victor Rask              Matthew Nieto            Christian Folin          10     1   2  2  

5 vs 5 Defense 
   Defense                  Defense                                           Time % Phy DF OF 
 1 Simon Danis-Pepin        Colby Robak                                       40     1   2  2  
 2 Brendan Mikkelson        David Savard                                      30     1   2  2  
 3 Frank Corrado            Mathieu Brodeur                                   20     1   2  2  
 4 Brendan Mikkelson        Colby Robak                                       10     1   2  2  

PowerPlay Forward 
   Center                   Left Wing                Right Wing               Time % Phy DF OF 
 1 Mikhail Grabovski        Stephane Veilleux        Vladimir Zharkov         60     1   2  2  
 2 Vladimir Sobotka         David Ullstrom           Kyle Palmieri            40     1   2  2  

PowerPlay Defense
   Defense                  Defense                                           Time % Phy DF OF 
 1 Simon Danis-Pepin        Colby Robak                                       60     1   2  2  
 2 Brendan Mikkelson        Christian Folin                                   40     1   2  2  

Penalty Kill 4 Players Forward 
   Center                   Wing                     Time % Phy DF OF 
 1 Vladimir Sobotka         Stephane Veilleux        60     1   2  2  
 2 Mikhail Grabovski        David Ullstrom           40     1   2  2  

Penalty Kill 4 Players Defense
   Defense                  Defense                  Time % Phy DF OF 
 1 Simon Danis-Pepin        Colby Robak              60     1   2  2  
 2 Brendan Mikkelson        David Savard             40     1   2  2  

Penalty Kill - 3 Players Forward 
   Forward                                           Time % Phy DF OF 
 1 Mikhail Grabovski                                 60     1   2  2  
 2 Vladimir Sobotka                                  40     1   2  2  

Penalty Kill - 3 Players Defense
   Defense                  Defense                  Time % Phy DF OF 
 1 Simon Danis-Pepin        Colby Robak              60     1   2  2  
 2 Brendan Mikkelson        David Savard             40     1   2  2  

4 vs 4 Forward 
   Center                   Wing                     Time % Phy DF OF 
 1 Mikhail Grabovski        Vladimir Zharkov         60     1   2  2  
 2 Vladimir Sobotka         Stephane Veilleux        40     1   2  2  

4 vs 4 Defense
   Defense                  Defense                  Time % Phy DF OF 
 1 Simon Danis-Pepin        Colby Robak              60     1   2  2  
 2 Brendan Mikkelson        David Savard             40     1   2  2  

Last Minutes Offensive
   Center                   Left Wing                Right Wing               Defense                  Defense                  
   Mikhail Grabovski        Stephane Veilleux        Vladimir Zharkov         Brendan Mikkelson        Colby Robak              

Last Minutes Defensive
   Center                   Left Wing                Right Wing               Defense                  Defense                  
   Mikhail Grabovski        Stephane Veilleux        Vladimir Zharkov         Brendan Mikkelson        Colby Robak              

Goaltenders
Starting : Josh Harding             
Backup : Michael Hutchinson       

Extra Forwards
Normal : Vladimir Sobotka, Kyle Palmieri, David Ullstrom - PP : Beau Bennett, Matt Kassian - PK : Vladimir Zharkov
Extra Defensemen
Normal : Brendan Mikkelson, Christian Folin, David Savard - PP : Christian Folin - PK : David Savard, Mathieu Brodeur
Penalty Shots
Mikhail Grabovski, Vladimir Sobotka, Stephane Veilleux, Vladimir Zharkov, Anders Lee

Scratches
Chris Brown (Healthy), Cal O'Reilly (Healthy), Ryan Spooner (Healthy), Derek Peltier (Healthy), Tyler Shattock (Healthy)
Joakim Nordstrom (Healthy), Sami Vatanen (Sprained Left Knee Injury), Daniil Tarasov (Healthy), Luca Sbisa (Healthy), Zach Redmond (Suspend)
Christopher Gibson (Healthy), Nathan Lieuwen (Healthy)

Sasquatch

5 vs 5 Forward 
   Center                   Left Wing                Right Wing               Time % Phy DF OF 
 1 Stephane Da Costa        Linus Omark              Jason Akeson             40     1   2  2  
 2 Lars Eller               D.J King                 Tyler Randell            30     1   2  2  
 3 Drew Shore               Brock Trotter            Ryan Strome              20     1   2  2  
 4 Sergey Kalinin           Jason Zucker             Garnet Hathaway          10     1   2  2  

5 vs 5 Defense 
   Defense                  Defense                                           Time % Phy DF OF 
 1 Yann Sauvé               Danny DeKeiser                                    40     1   2  2  
 2 Kris Russell             Jonathan Blum                                     30     1   2  2  
 3 Kris Russell             James Wisniewski                                  20     1   2  2  
 4 Jonathan Blum            Michal Jordan                                     10     1   2  2  

PowerPlay Forward 
   Center                   Left Wing                Right Wing               Time % Phy DF OF 
 1 Lars Eller               Linus Omark              Jason Akeson             60     1   2  2  
 2 Stephane Da Costa        Jason Zucker             Ryan Strome              40     1   2  2  

PowerPlay Defense
   Defense                  Defense                                           Time % Phy DF OF 
 1 Danny DeKeiser           Yann Sauvé                                        60     1   2  2  
 2 James Wisniewski         Jonathan Blum                                     40     1   2  2  

Penalty Kill 4 Players Forward 
   Center                   Wing                     Time % Phy DF OF 
 1 Drew Shore               D.J King                 60     1   2  2  
 2 Sergey Kalinin           Linus Omark              40     1   2  2  

Penalty Kill 4 Players Defense
   Defense                  Defense                  Time % Phy DF OF 
 1 Yann Sauvé               Jonathan Blum            60     1   2  2  
 2 Kris Russell             Danny DeKeiser           40     1   2  2  

Penalty Kill - 3 Players Forward 
   Forward                                           Time % Phy DF OF 
 1 Drew Shore                                        60     1   2  2  
 2 Sergey Kalinin                                    40     1   2  2  

Penalty Kill - 3 Players Defense
   Defense                  Defense                  Time % Phy DF OF 
 1 Jonathan Blum            Yann Sauvé               60     1   2  2  
 2 Danny DeKeiser           Kris Russell             40     1   2  2  

4 vs 4 Forward 
   Center                   Wing                     Time % Phy DF OF 
 1 Drew Shore               D.J King                 60     1   2  2  
 2 Stephane Da Costa        Linus Omark              40     1   2  2  

4 vs 4 Defense
   Defense                  Defense                  Time % Phy DF OF 
 1 James Wisniewski         Yann Sauvé               60     1   2  2  
 2 Danny DeKeiser           Jonathan Blum            40     1   2  2  

Last Minutes Offensive
   Center                   Left Wing                Right Wing               Defense                  Defense                  
   Lars Eller               Linus Omark              Jason Akeson             James Wisniewski         Jonathan Blum            

Last Minutes Defensive
   Center                   Left Wing                Right Wing               Defense                  Defense                  
   Drew Shore               Linus Omark              D.J King                 Danny DeKeiser           Jonathan Blum            

Goaltenders
Starting : Corey Crawford           
Backup : Martin Houle             

Extra Forwards
Normal : Jason Zucker, Jason Akeson, Brock Trotter - PP : Sergey Kalinin, Linus Omark - PK : Brock Trotter
Extra Defensemen
Normal : Jonathan Blum, Kris Russell, Danny DeKeiser - PP : Kris Russell - PK : James Wisniewski, Danny DeKeiser
Penalty Shots
Linus Omark, Lars Eller, Jason Akeson, Ryan Strome, Jason Zucker

Scratches
Andy Andreoff (Healthy), Philip Varone (Healthy), Nick Leddy (Suspend), Ty Rattie (Healthy), Teemu Hartikainen (Healthy)
Slava Voynov (Left Leg Injury), Jack Campbell (Healthy)

% Time on Ice - Inferno

Lines # - Real PCT - Wanted PCT - Time Play
Normal Forward
1 - 33% - 40% - 15:35
2 - 34% - 30% - 15:45
3 - 19% - 20% - 8:53
4 - 14% - 10% - 6:30
Normal Defense
1 - 40% - 40% - 18:29
2 - 34% - 30% - 15:41
3 - 22% - 20% - 10:08
4 - 5% - 10% - 2:25
PP Forward
1 - 72% - 60% - 4:16
2 - 28% - 40% - 1:41
PP Defense
1 - 73% - 60% - 4:19
2 - 27% - 40% - 1:38
PK Forward
1 - 70% - 60% - 4:15
2 - 30% - 40% - 1:51
PK Defense
1 - 54% - 60% - 3:19
2 - 46% - 40% - 2:47
PK3 Forward
1 - 0% - 60%
2 - 0% - 40%
PK3 Defense
1 - 0% - 60%
2 - 0% - 40%
44 Forward
1 - 0% - 60%
2 - 0% - 40%
44 Defense
1 - 0% - 60%
2 - 0% - 40%
Last Minute Offensive  - 1:14
Last Minute Defensive  - 0:00
Total
Forward - 60:00
Defense - 60:00

% Time on Ice - Sasquatch

Lines # - Real PCT - Wanted PCT - Time Play
Normal Forward
1 - 34% - 40% - 16:03
2 - 33% - 30% - 15:31
3 - 19% - 20% - 9:00
4 - 13% - 10% - 6:08
Normal Defense
1 - 41% - 40% - 19:15
2 - 28% - 30% - 13:11
3 - 19% - 20% - 8:57
4 - 11% - 10% - 5:19
PP Forward
1 - 55% - 60% - 3:21
2 - 45% - 40% - 2:45
PP Defense
1 - 59% - 60% - 3:36
2 - 41% - 40% - 2:30
PK Forward
1 - 70% - 60% - 4:10
2 - 30% - 40% - 1:47
PK Defense
1 - 72% - 60% - 4:16
2 - 28% - 40% - 1:41
PK3 Forward
1 - 0% - 60%
2 - 0% - 40%
PK3 Defense
1 - 0% - 60%
2 - 0% - 40%
44 Forward
1 - 0% - 60%
2 - 0% - 40%
44 Defense
1 - 0% - 60%
2 - 0% - 40%
Last Minute Offensive  - 0:00
Last Minute Defensive  - 1:15
Total
Forward - 60:00
Defense - 60:00

Play by Play

1st period


0:01 of 1st period - Stephane Da Costa wins face-off versus Mikhail Grabovski in neutral zone.
0:26 of 1st period - Simon Danis-Pepin is hit by Lars Eller and loses puck.
0:44 of 1st period - Icing by Brock Trotter.
0:45 of 1st period - Drew Shore wins face-off versus Anders Lee in Sasquatch zone.
0:45 of 1st period - Drew Shore is hit by Matt Kassian.
0:55 of 1st period - Wrist shot by Brock Trotter.
0:55 of 1st period - Shot Misses the Net.
0:57 of 1st period - Slapshot by Kris Russell.
0:57 of 1st period - Deflect By Brock Trotter.
0:57 of 1st period - Shot Misses the Net.
0:57 of 1st period - Puck is out of play.
0:58 of 1st period - Victor Rask wins face-off versus Sergey Kalinin in Inferno zone.
1:30 of 1st period - Slapshot by Mikhail Grabovski.
1:30 of 1st period - Shot Blocked by Linus Omark.
2:08 of 1st period - Wrist shot by Anders Lee.
2:08 of 1st period - Stopped by Corey Crawford with a rebound.
2:18 of 1st period - Snap shot by Drew Shore.
2:18 of 1st period - Shot Misses the Net.
2:28 of 1st period - Snap shot by Jason Zucker.
2:28 of 1st period - Stopped by Josh Harding with a rebound.
2:30 of 1st period - Slapshot by Jonathan Blum.
2:30 of 1st period - Deflect By Jason Zucker.
2:30 of 1st period - Shot Misses the Net.
2:30 of 1st period - Puck is out of play.
2:31 of 1st period - Sergey Kalinin wins face-off versus Victor Rask in Inferno zone.
3:11 of 1st period - Slapshot by Jonathan Blum.
3:11 of 1st period - Stopped by Josh Harding without a rebound.
3:12 of 1st period - Mikhail Grabovski wins face-off versus Stephane Da Costa in Inferno zone.
3:19 of 1st period - Slapshot by Stephane Veilleux.
3:19 of 1st period - Stopped by Corey Crawford with a rebound.
3:37 of 1st period - Danny DeKeiser is hit by David Ullstrom and loses puck.
3:56 of 1st period - Brendan Mikkelson is hit by Ryan Strome and loses puck.
4:02 of 1st period - Off-side.
4:03 of 1st period - Mikhail Grabovski wins face-off versus Stephane Da Costa in neutral zone.
4:10 of 1st period - Kris Russell is hit by Colby Robak and loses puck.
4:19 of 1st period - Snap shot by Jason Akeson.
4:19 of 1st period - Deflect By Linus Omark.
4:19 of 1st period - Stopped by Josh Harding with a rebound.
4:43 of 1st period - Slapshot by Vladimir Zharkov.
4:43 of 1st period - Shot Misses the Net.
4:59 of 1st period - Wrist shot by Mikhail Grabovski.
4:59 of 1st period - Stopped by Corey Crawford with a rebound.
5:03 of 1st period - Slapshot by Mikhail Grabovski.
5:03 of 1st period - Shot Blocked by Kris Russell.
5:05 of 1st period - Snap shot by Vladimir Zharkov.
5:05 of 1st period - Shot Misses the Net.
5:07 of 1st period - Slapshot by Vladimir Zharkov.
5:07 of 1st period - Shot Blocked by Jonathan Blum.
5:09 of 1st period - Wrist shot by Mikhail Grabovski.
5:09 of 1st period - Stopped by Corey Crawford with a rebound.
5:11 of 1st period - Snap shot by Mikhail Grabovski.
5:11 of 1st period - Shot Misses the Net.
5:13 of 1st period - Snap shot by Mikhail Grabovski.
5:13 of 1st period - Shot Blocked by Jonathan Blum.
5:15 of 1st period - Slapshot by Colby Robak.
5:15 of 1st period - Stopped by Corey Crawford without a rebound.
5:16 of 1st period - Stephane Da Costa wins face-off versus Vladimir Sobotka in Sasquatch zone.
5:16 of 1st period - Stephane Da Costa is hit by Brendan Mikkelson.
6:25 of 1st period - Stephane Da Costa is hit by Kyle Palmieri and loses puck.
7:21 of 1st period - Tyler Randell is hit by Victor Rask and loses puck.
7:34 of 1st period - Wrist shot by Garnet Hathaway.
7:34 of 1st period - Shot Misses the Net.
7:36 of 1st period - Slapshot by Yann Sauvé.
7:36 of 1st period - Deflect By Christian Folin.
7:36 of 1st period - Stopped by Josh Harding without a rebound.
7:37 of 1st period - Sergey Kalinin wins face-off versus Mikhail Grabovski in Inferno zone.
7:40 of 1st period - Wrist shot by Jason Zucker.
7:40 of 1st period - Shot Misses the Net.
7:53 of 1st period - Wrist shot by Jason Zucker.
7:53 of 1st period - Stopped by Josh Harding with a rebound.
8:12 of 1st period - Vladimir Sobotka is hit by Jason Akeson and loses puck.
8:23 of 1st period - Kris Russell is hit by Beau Bennett.
8:52 of 1st period - Slapshot by Brendan Mikkelson.
8:52 of 1st period - Stopped by Corey Crawford with a rebound.
8:54 of 1st period - Snap shot by David Savard.
8:54 of 1st period - Shot Blocked by Kris Russell.
9:08 of 1st period - Wrist shot by Vladimir Zharkov.
9:08 of 1st period - Deflect By Mikhail Grabovski.
9:08 of 1st period - Shot Blocked by James Wisniewski.
9:08 of 1st period - Puck is out of play.
9:09 of 1st period - Mikhail Grabovski wins face-off versus Stephane Da Costa in Sasquatch zone.
9:14 of 1st period - Snap shot by Mikhail Grabovski.
9:14 of 1st period - Deflect By Stephane Veilleux.
9:14 of 1st period - Shot Misses the Net.
9:14 of 1st period - Puck is out of play.
9:15 of 1st period - Mikhail Grabovski wins face-off versus Stephane Da Costa in Sasquatch zone.
9:24 of 1st period - Slapshot by Stephane Da Costa.
9:24 of 1st period - Shot Misses the Net.
10:36 of 1st period - Slapshot by Jason Zucker.
10:36 of 1st period - Stopped by Josh Harding without a rebound.
10:37 of 1st period - Mikhail Grabovski wins face-off versus Stephane Da Costa in Inferno zone.
10:50 of 1st period - Slapshot by Stephane Veilleux.
10:50 of 1st period - Goal by Stephane Veilleux - Inferno : 1 - Sasquatch : 0.
10:51 of 1st period - Vladimir Sobotka wins face-off versus Stephane Da Costa in neutral zone.
11:30 of 1st period - Wrist shot by Mikhail Grabovski.
11:30 of 1st period - Stopped by Corey Crawford with a rebound.
11:32 of 1st period - Snap shot by Mikhail Grabovski.
11:32 of 1st period - Stopped by Corey Crawford with a rebound.
12:28 of 1st period - Wrist shot by Kyle Palmieri.
12:28 of 1st period - Shot Misses the Net.
12:30 of 1st period - Snap shot by David Ullstrom.
12:30 of 1st period - Stopped by Corey Crawford without a rebound.
12:31 of 1st period - Vladimir Sobotka wins face-off versus Jason Akeson in Sasquatch zone.
12:34 of 1st period - Slapshot by Kyle Palmieri.
12:34 of 1st period - Stopped by Corey Crawford without a rebound.
12:35 of 1st period - Stephane Da Costa wins face-off versus Mikhail Grabovski in Sasquatch zone.
12:56 of 1st period - Minor Penalty to Vladimir Zharkov for Boarding.
12:57 of 1st period - Vladimir Sobotka wins face-off versus Lars Eller in Inferno zone.
13:22 of 1st period - Colby Robak is hit by Ryan Strome and loses puck.
14:56 of 1st period - Penalty to Vladimir Zharkov is over, Vladimir Zharkov is back on ice.
15:02 of 1st period - David Ullstrom is hit by Brock Trotter and loses puck.
15:11 of 1st period - Jonathan Blum is hit by David Savard and loses puck.
16:35 of 1st period - Slapshot by Matthew Nieto.
16:35 of 1st period - Shot Blocked by James Wisniewski.
16:37 of 1st period - Minor Penalty to Lars Eller for Hooking.
16:38 of 1st period - Mikhail Grabovski wins face-off versus Drew Shore in Sasquatch zone.
16:39 of 1st period - Snap shot by Stephane Veilleux.
16:39 of 1st period - Shot Blocked by D.J King.
16:43 of 1st period - Slapshot by Mikhail Grabovski.
16:43 of 1st period - Stopped by Corey Crawford without a rebound.
16:44 of 1st period - Mikhail Grabovski wins face-off versus Drew Shore in Sasquatch zone.
16:53 of 1st period - Backhand shot by Mikhail Grabovski.
16:53 of 1st period - Shot Misses the Net.
16:55 of 1st period - Snap shot by Colby Robak.
16:55 of 1st period - Deflect By Vladimir Zharkov.
16:55 of 1st period - Shot Blocked by D.J King.
16:55 of 1st period - Puck is out of play.
16:56 of 1st period - Drew Shore wins face-off versus Vladimir Zharkov in Sasquatch zone.
17:07 of 1st period - Snap shot by Stephane Veilleux.
17:07 of 1st period - Shot Misses the Net.
17:31 of 1st period - Wrist shot by Kyle Palmieri.
17:31 of 1st period - Deflect By Vladimir Sobotka.
17:31 of 1st period - Shot Blocked by D.J King.
17:31 of 1st period - Puck is out of play.
17:32 of 1st period - Drew Shore wins face-off versus Vladimir Sobotka in Sasquatch zone.
17:32 of 1st period - Drew Shore is hit by Christian Folin.
18:00 of 1st period - Slapshot by Stephane Veilleux.
18:00 of 1st period - Shot Misses the Net.
18:37 of 1st period - Penalty to Lars Eller is over, Lars Eller is back on ice.
18:38 of 1st period - Colby Robak is hit by Yann Sauvé and loses puck.
18:43 of 1st period - Backhand shot by Linus Omark.
18:43 of 1st period - Deflect By Lars Eller.
18:43 of 1st period - Shot Blocked by Simon Danis-Pepin.
18:43 of 1st period - Puck is out of play.
18:44 of 1st period - Anders Lee wins face-off versus Linus Omark in Inferno zone.
18:55 of 1st period - Wrist shot by Anders Lee.
18:55 of 1st period - Stopped by Corey Crawford without a rebound.
18:56 of 1st period - Lars Eller wins face-off versus Vladimir Sobotka in Sasquatch zone.
19:04 of 1st period - Off-side.
19:05 of 1st period - Kyle Palmieri wins face-off versus Lars Eller in neutral zone.
19:09 of 1st period - Minor Penalty to Yann Sauvé for Interference.
19:10 of 1st period - Drew Shore wins face-off versus Mikhail Grabovski in Sasquatch zone.
19:20 of 1st period - Wrist shot by Stephane Veilleux.
19:20 of 1st period - Stopped by Corey Crawford without a rebound.
19:21 of 1st period - Mikhail Grabovski wins face-off versus Drew Shore in Sasquatch zone.
Goals for this period are 1 for Inferno vs 0 for Sasquatch.
Shots for this period are 14 for Inferno vs 6 for Sasquatch.

2nd period


0:01 of 2nd period - Drew Shore wins face-off versus Mikhail Grabovski in neutral zone.
0:08 of 2nd period - Wrist shot by D.J King.
0:08 of 2nd period - Shot Misses the Net.
0:10 of 2nd period - Slapshot by Jonathan Blum.
0:10 of 2nd period - Stopped by Josh Harding without a rebound.
0:11 of 2nd period - Drew Shore wins face-off versus Mikhail Grabovski in Inferno zone.
1:09 of 2nd period - Penalty to Yann Sauvé is over, Yann Sauvé is back on ice.
1:33 of 2nd period - Snap shot by Jason Zucker.
1:33 of 2nd period - Goal by Jason Zucker - Inferno : 1 - Sasquatch : 1.
1:34 of 2nd period - Mikhail Grabovski wins face-off versus Stephane Da Costa in neutral zone.
1:39 of 2nd period - Snap shot by Mikhail Grabovski.
1:39 of 2nd period - Stopped by Corey Crawford without a rebound.
1:40 of 2nd period - Mikhail Grabovski wins face-off versus Stephane Da Costa in Sasquatch zone.
2:32 of 2nd period - Minor Penalty to Mathieu Brodeur for Boarding.
2:33 of 2nd period - Lars Eller wins face-off versus Vladimir Sobotka in Inferno zone.
2:35 of 2nd period - Wrist shot by Lars Eller.
2:35 of 2nd period - Stopped by Josh Harding without a rebound.
2:36 of 2nd period - Vladimir Sobotka wins face-off versus Lars Eller in Inferno zone.
2:41 of 2nd period - Wrist shot by Linus Omark.
2:41 of 2nd period - Goal by Linus Omark - Inferno : 1 - Sasquatch : 2.
2:42 of 2nd period - Mikhail Grabovski wins face-off versus Stephane Da Costa in neutral zone.
3:34 of 2nd period - Wrist shot by Kyle Palmieri.
3:34 of 2nd period - Stopped by Corey Crawford with a rebound.
3:56 of 2nd period - Yann Sauvé is hit by David Ullstrom and loses puck.
4:21 of 2nd period - Jason Akeson is hit by Colby Robak and loses puck.
4:42 of 2nd period - David Ullstrom is hit by Jonathan Blum and loses puck.
5:15 of 2nd period - Wrist shot by Matthew Nieto.
5:15 of 2nd period - Stopped by Corey Crawford without a rebound.
5:16 of 2nd period - Stephane Da Costa wins face-off versus Matthew Nieto in Sasquatch zone.
5:43 of 2nd period - Frank Corrado is hit by Tyler Randell and loses puck.
5:48 of 2nd period - Snap shot by Lars Eller.
5:48 of 2nd period - Shot Blocked by Frank Corrado.
5:50 of 2nd period - Snap shot by James Wisniewski.
5:50 of 2nd period - Stopped by Josh Harding with a rebound.
5:52 of 2nd period - Slapshot by D.J King.
5:52 of 2nd period - Stopped by Josh Harding without a rebound.
5:53 of 2nd period - Drew Shore wins face-off versus Anders Lee in Inferno zone.
6:09 of 2nd period - Snap shot by Drew Shore.
6:09 of 2nd period - Shot Blocked by Colby Robak.
6:28 of 2nd period - Wrist shot by Stephane Veilleux.
6:28 of 2nd period - Goal by Stephane Veilleux - Inferno : 2 - Sasquatch : 2.
6:29 of 2nd period - Mikhail Grabovski wins face-off versus Stephane Da Costa in neutral zone.
6:55 of 2nd period - Wrist shot by Brock Trotter.
6:55 of 2nd period - Stopped by Josh Harding with a rebound.
6:57 of 2nd period - Wrist shot by Drew Shore.
6:57 of 2nd period - Shot Misses the Net.
6:59 of 2nd period - Slapshot by Kris Russell.
6:59 of 2nd period - Shot Blocked by Simon Danis-Pepin.
7:01 of 2nd period - Snap shot by Ryan Strome.
7:01 of 2nd period - Shot Misses the Net.
7:23 of 2nd period - Slapshot by Kyle Palmieri.
7:23 of 2nd period - Goal by Kyle Palmieri - Inferno : 3 - Sasquatch : 2.
7:24 of 2nd period - Vladimir Sobotka wins face-off versus Stephane Da Costa in neutral zone.
7:37 of 2nd period - Slapshot by Kyle Palmieri.
7:37 of 2nd period - Stopped by Corey Crawford without a rebound.
7:38 of 2nd period - Stephane Da Costa wins face-off versus Mikhail Grabovski in Sasquatch zone.
8:04 of 2nd period - Simon Danis-Pepin is hit by Yann Sauvé and loses puck.
8:22 of 2nd period - Yann Sauvé is hit by Brendan Mikkelson.
8:26 of 2nd period - Snap shot by Drew Shore.
8:26 of 2nd period - Shot Misses the Net.
8:55 of 2nd period - David Savard is hit by Kris Russell and loses puck.
9:10 of 2nd period - Wrist shot by Vladimir Sobotka.
9:10 of 2nd period - Stopped by Corey Crawford without a rebound.
9:11 of 2nd period - Vladimir Sobotka wins face-off versus Stephane Da Costa in Sasquatch zone.
9:14 of 2nd period - Slapshot by Kyle Palmieri.
9:14 of 2nd period - Shot Blocked by Jonathan Blum.
9:16 of 2nd period - Wrist shot by David Ullstrom.
9:16 of 2nd period - Stopped by Corey Crawford without a rebound.
9:17 of 2nd period - Stephane Veilleux wins face-off versus Stephane Da Costa in Sasquatch zone.
9:47 of 2nd period - Jonathan Blum is hit by Colby Robak and loses puck.
10:03 of 2nd period - Off-side.
10:04 of 2nd period - Drew Shore wins face-off versus Matt Kassian in neutral zone.
10:08 of 2nd period - Danny DeKeiser is hit by Frank Corrado and loses puck.
10:13 of 2nd period - Snap shot by Brock Trotter.
10:13 of 2nd period - Shot Misses the Net.
10:17 of 2nd period - Snap shot by Drew Shore.
10:17 of 2nd period - Shot Blocked by Beau Bennett.
10:19 of 2nd period - Snap shot by Ryan Strome.
10:19 of 2nd period - Shot Misses the Net.
10:36 of 2nd period - Slapshot by Linus Omark.
10:36 of 2nd period - Shot Misses the Net.
10:38 of 2nd period - Snap shot by Stephane Da Costa.
10:38 of 2nd period - Goal by Stephane Da Costa - Inferno : 3 - Sasquatch : 3.
10:39 of 2nd period - Stephane Veilleux wins face-off versus Stephane Da Costa in neutral zone.
10:42 of 2nd period - Wrist shot by Mikhail Grabovski.
10:42 of 2nd period - Stopped by Corey Crawford without a rebound.
10:43 of 2nd period - Stephane Da Costa wins face-off versus Mikhail Grabovski in Sasquatch zone.
10:43 of 2nd period - Stephane Da Costa is hit by Vladimir Zharkov.
11:21 of 2nd period - Snap shot by Brock Trotter.
11:21 of 2nd period - Shot Misses the Net.
11:29 of 2nd period - Slapshot by Mikhail Grabovski.
11:29 of 2nd period - Stopped by Corey Crawford with a rebound.
11:39 of 2nd period - Slapshot by Lars Eller.
11:39 of 2nd period - Shot Misses the Net.
11:41 of 2nd period - Snap shot by Tyler Randell.
11:41 of 2nd period - Stopped by Josh Harding with a rebound.
12:15 of 2nd period - Vladimir Sobotka is hit by Sergey Kalinin and loses puck.
12:39 of 2nd period - Lars Eller is hit by Kyle Palmieri and loses puck.
13:26 of 2nd period - Wrist shot by Vladimir Sobotka.
13:26 of 2nd period - Stopped by Corey Crawford with a rebound.
13:28 of 2nd period - Slapshot by Mathieu Brodeur.
13:28 of 2nd period - Shot Blocked by Kris Russell.
13:30 of 2nd period - Snap shot by Simon Danis-Pepin.
13:30 of 2nd period - Deflect By Kris Russell.
13:30 of 2nd period - Stopped by Corey Crawford with a rebound.
13:32 of 2nd period - Backhand shot by David Savard.
13:32 of 2nd period - Deflect By David Ullstrom.
13:32 of 2nd period - Shot Misses the Net.
13:32 of 2nd period - Puck is out of play.
13:33 of 2nd period - Stephane Da Costa wins face-off versus Matt Kassian in Sasquatch zone.
13:39 of 2nd period - Off-side.
13:40 of 2nd period - Matt Kassian wins face-off versus Stephane Da Costa in neutral zone.
15:15 of 2nd period - Backhand shot by Lars Eller.
15:15 of 2nd period - Stopped by Josh Harding with a rebound.
15:32 of 2nd period - Slapshot by Linus Omark.
15:32 of 2nd period - Shot Blocked by Brendan Mikkelson.
16:00 of 2nd period - Simon Danis-Pepin is hit by Drew Shore and loses puck.
16:22 of 2nd period - Icing by Kris Russell.
16:23 of 2nd period - Lars Eller wins face-off versus Mikhail Grabovski in Sasquatch zone.
16:42 of 2nd period - Wrist shot by D.J King.
16:42 of 2nd period - Shot Blocked by Colby Robak.
17:20 of 2nd period - Snap shot by Vladimir Zharkov.
17:20 of 2nd period - Deflect By Lars Eller.
17:20 of 2nd period - Stopped by Corey Crawford without a rebound.
17:21 of 2nd period - Stephane Da Costa wins face-off versus Vladimir Sobotka in Sasquatch zone.
17:36 of 2nd period - Wrist shot by Stephane Da Costa.
17:36 of 2nd period - Deflect By Jason Akeson.
17:36 of 2nd period - Shot Misses the Net.
17:36 of 2nd period - Puck is out of play.
17:37 of 2nd period - Anders Lee wins face-off versus Drew Shore in Inferno zone.
17:39 of 2nd period - Minor Penalty to Matt Kassian for Goalie Interference.
17:40 of 2nd period - Vladimir Sobotka wins face-off versus Lars Eller in Inferno zone.
17:40 of 2nd period - Vladimir Sobotka is hit by Linus Omark.
17:49 of 2nd period - Colby Robak is hit by Danny DeKeiser and loses puck.
18:46 of 2nd period - Jonathan Blum is hit by Simon Danis-Pepin and loses puck.
19:39 of 2nd period - Penalty to Matt Kassian is over, Matt Kassian is back on ice.
Goals for this period are 2 for Inferno vs 3 for Sasquatch.
Shots for this period are 13 for Inferno vs 10 for Sasquatch.

3rd period


0:01 of 3rd period - Vladimir Zharkov wins face-off versus Jason Akeson in neutral zone.
0:04 of 3rd period - Snap shot by Mikhail Grabovski.
0:04 of 3rd period - Stopped by Corey Crawford with a rebound.
0:26 of 3rd period - D.J King is hit by Simon Danis-Pepin and loses puck.
0:53 of 3rd period - Anders Lee is hit by Ryan Strome and loses puck.
1:35 of 3rd period - Jonathan Blum is hit by Stephane Veilleux and loses puck.
1:49 of 3rd period - Off-side.
1:50 of 3rd period - Vladimir Sobotka wins face-off versus D.J King in neutral zone.
1:55 of 3rd period - Lars Eller is hit by Kyle Palmieri.
2:39 of 3rd period - Wrist shot by Brock Trotter.
2:39 of 3rd period - Stopped by Josh Harding with a rebound.
3:25 of 3rd period - Off-side.
3:26 of 3rd period - Mikhail Grabovski wins face-off versus Stephane Da Costa in neutral zone.
3:28 of 3rd period - Off-side.
3:29 of 3rd period - Mikhail Grabovski wins face-off versus Linus Omark in neutral zone.
4:00 of 3rd period - Snap shot by Lars Eller.
4:00 of 3rd period - Stopped by Josh Harding with a rebound.
4:13 of 3rd period - Danny DeKeiser is hit by Matt Kassian and loses puck.
4:16 of 3rd period - Snap shot by Brock Trotter.
4:16 of 3rd period - Deflect By Ryan Strome.
4:16 of 3rd period - Shot Misses the Net.
4:16 of 3rd period - Puck is out of play.
4:17 of 3rd period - Anders Lee wins face-off versus Drew Shore in Inferno zone.
4:26 of 3rd period - Wrist shot by Matt Kassian.
4:26 of 3rd period - Deflect By Brock Trotter.
4:26 of 3rd period - Shot Misses the Net.
4:26 of 3rd period - Puck is out of play.
4:27 of 3rd period - Linus Omark wins face-off versus Mikhail Grabovski in Sasquatch zone.
4:37 of 3rd period - Slapshot by James Wisniewski.
4:37 of 3rd period - Shot Blocked by Simon Danis-Pepin.
4:39 of 3rd period - Slapshot by James Wisniewski.
4:39 of 3rd period - Shot Blocked by Mikhail Grabovski.
4:41 of 3rd period - Slapshot by Jason Akeson.
4:41 of 3rd period - Stopped by Josh Harding with a rebound.
4:43 of 3rd period - Slapshot by James Wisniewski.
4:43 of 3rd period - Stopped by Josh Harding with a rebound.
5:21 of 3rd period - Slapshot by Anders Lee.
5:21 of 3rd period - Shot Misses the Net.
5:23 of 3rd period - Wrist shot by Anders Lee.
5:23 of 3rd period - Stopped by Corey Crawford with a rebound.
5:25 of 3rd period - Slapshot by Colby Robak.
5:25 of 3rd period - Deflect By Anders Lee.
5:25 of 3rd period - Stopped by Corey Crawford with a rebound.
6:17 of 3rd period - Snap shot by Kyle Palmieri.
6:17 of 3rd period - Stopped by Corey Crawford without a rebound.
6:18 of 3rd period - Lars Eller wins face-off versus Vladimir Sobotka in Sasquatch zone.
6:23 of 3rd period - Snap shot by Kyle Palmieri.
6:23 of 3rd period - Stopped by Corey Crawford without a rebound.
6:24 of 3rd period - D.J King wins face-off versus Mikhail Grabovski in Sasquatch zone.
6:35 of 3rd period - Wrist shot by D.J King.
6:35 of 3rd period - Deflect By Lars Eller.
6:35 of 3rd period - Stopped by Josh Harding without a rebound.
6:36 of 3rd period - Mikhail Grabovski wins face-off versus Stephane Da Costa in Inferno zone.
6:49 of 3rd period - Snap shot by Mikhail Grabovski.
6:49 of 3rd period - Shot Misses the Net.
6:51 of 3rd period - Wrist shot by Vladimir Zharkov.
6:51 of 3rd period - Shot Blocked by Kris Russell.
7:48 of 3rd period - Slapshot by Jonathan Blum.
7:48 of 3rd period - Shot Blocked by Mathieu Brodeur.
8:56 of 3rd period - Snap shot by Brock Trotter.
8:56 of 3rd period - Stopped by Josh Harding without a rebound.
8:57 of 3rd period - Mikhail Grabovski wins face-off versus Stephane Da Costa in Inferno zone.
9:12 of 3rd period - Vladimir Zharkov is hit by Jason Akeson and loses puck.
9:27 of 3rd period - Kyle Palmieri is hit by D.J King and loses puck.
9:32 of 3rd period - Wrist shot by D.J King.
9:32 of 3rd period - Deflect By Lars Eller.
9:32 of 3rd period - Goal by Lars Eller - Inferno : 3 - Sasquatch : 4.
9:33 of 3rd period - Mikhail Grabovski wins face-off versus Stephane Da Costa in neutral zone.
9:59 of 3rd period - David Ullstrom is hit by Tyler Randell and loses puck.
10:10 of 3rd period - Lars Eller is hit by Kyle Palmieri and loses puck.
10:21 of 3rd period - Slapshot by Yann Sauvé.
10:21 of 3rd period - Stopped by Josh Harding with a rebound.
10:25 of 3rd period - Wrist shot by Brock Trotter.
10:25 of 3rd period - Shot Blocked by David Savard.
10:27 of 3rd period - Wrist shot by Ryan Strome.
10:27 of 3rd period - Shot Misses the Net.
10:29 of 3rd period - Slapshot by Yann Sauvé.
10:29 of 3rd period - Stopped by Josh Harding without a rebound.
10:30 of 3rd period - Mikhail Grabovski wins face-off versus Stephane Da Costa in Inferno zone.
11:01 of 3rd period - Off-side.
11:02 of 3rd period - Lars Eller wins face-off versus Vladimir Sobotka in neutral zone.
11:34 of 3rd period - Snap shot by Lars Eller.
11:34 of 3rd period - Shot Blocked by Brendan Mikkelson.
11:40 of 3rd period - Slapshot by David Savard.
11:40 of 3rd period - Stopped by Corey Crawford with a rebound.
11:42 of 3rd period - Slapshot by David Ullstrom.
11:42 of 3rd period - Shot Blocked by Danny DeKeiser.
12:29 of 3rd period - Kyle Palmieri is hit by Danny DeKeiser.
12:51 of 3rd period - Snap shot by Kyle Palmieri.
12:51 of 3rd period - Stopped by Corey Crawford with a rebound.
12:53 of 3rd period - Snap shot by David Ullstrom.
12:53 of 3rd period - Stopped by Corey Crawford without a rebound.
12:54 of 3rd period - Stephane Da Costa wins face-off versus Vladimir Zharkov in Sasquatch zone.
12:54 of 3rd period - Stephane Da Costa is hit by Stephane Veilleux.
13:03 of 3rd period - Minor Penalty to Linus Omark for Interference.
13:04 of 3rd period - Mikhail Grabovski wins face-off versus Sergey Kalinin in Sasquatch zone.
13:15 of 3rd period - Snap shot by Vladimir Zharkov.
13:15 of 3rd period - Shot Misses the Net.
13:17 of 3rd period - Slapshot by Colby Robak.
13:17 of 3rd period - Stopped by Corey Crawford without a rebound.
13:18 of 3rd period - Drew Shore wins face-off versus Mikhail Grabovski in Sasquatch zone.
13:18 of 3rd period - Drew Shore is hit by Mikhail Grabovski.
13:34 of 3rd period - Snap shot by Mikhail Grabovski.
13:34 of 3rd period - Shot Blocked by Yann Sauvé.
15:03 of 3rd period - Penalty to Linus Omark is over, Linus Omark is back on ice.
15:13 of 3rd period - Slapshot by Stephane Da Costa.
15:13 of 3rd period - Stopped by Josh Harding without a rebound.
15:14 of 3rd period - Stephane Da Costa wins face-off versus Anders Lee in Inferno zone.
15:23 of 3rd period - Wrist shot by Stephane Da Costa.
15:23 of 3rd period - Deflect By Linus Omark.
15:23 of 3rd period - Shot Blocked by Mathieu Brodeur.
15:23 of 3rd period - Puck is out of play.
15:24 of 3rd period - Stephane Da Costa wins face-off versus Anders Lee in Inferno zone.
15:25 of 3rd period - Snap shot by Linus Omark.
15:25 of 3rd period - Shot Misses the Net.
15:29 of 3rd period - Wrist shot by Jason Akeson.
15:29 of 3rd period - Deflect By Linus Omark.
15:29 of 3rd period - Shot Blocked by Mathieu Brodeur.
15:29 of 3rd period - Puck is out of play.
15:30 of 3rd period - Anders Lee wins face-off versus Stephane Da Costa in Inferno zone.
15:32 of 3rd period - Minor Penalty to Anders Lee for Hooking.
15:33 of 3rd period - Vladimir Sobotka wins face-off versus Lars Eller in Inferno zone.
16:09 of 3rd period - Slapshot by Yann Sauvé.
16:09 of 3rd period - Shot Misses the Net.
16:11 of 3rd period - Slapshot by Danny DeKeiser.
16:11 of 3rd period - Stopped by Josh Harding with a rebound.
16:13 of 3rd period - Slapshot by Yann Sauvé.
16:13 of 3rd period - Shot Misses the Net.
16:15 of 3rd period - Wrist shot by Danny DeKeiser.
16:15 of 3rd period - Stopped by Josh Harding with a rebound.
17:19 of 3rd period - Jason Zucker is hit by David Savard and loses puck.
17:32 of 3rd period - Penalty to Anders Lee is over, Anders Lee is back on ice.
17:34 of 3rd period - Icing by Mikhail Grabovski.
17:35 of 3rd period - Mikhail Grabovski wins face-off versus Sergey Kalinin in Inferno zone.
17:40 of 3rd period - Tyler Randell is hit by David Ullstrom and loses puck.
18:00 of 3rd period - Colby Robak is hit by Lars Eller and loses puck.
18:19 of 3rd period - Lars Eller is hit by Vladimir Zharkov and loses puck.
18:53 of 3rd period - Snap shot by Drew Shore.
18:53 of 3rd period - Deflect By Linus Omark.
18:53 of 3rd period - Stopped by Josh Harding with a rebound.
19:14 of 3rd period - Off-side.
19:15 of 3rd period - Dan Bylsma call a timeout for Inferno.
19:15 of 3rd period - Drew Shore wins face-off versus Mikhail Grabovski in neutral zone.
19:18 of 3rd period - Mikhail Grabovski is hit by Drew Shore and loses puck.
19:31 of 3rd period - Inferno, Josh Harding is pulled from the net.
19:47 of 3rd period - Backhand shot by Vladimir Zharkov.
19:47 of 3rd period - Stopped by Corey Crawford with a rebound.
19:49 of 3rd period - Snap shot by Brendan Mikkelson.
19:49 of 3rd period - Shot Blocked by Linus Omark.
19:51 of 3rd period - Wrist shot by Brendan Mikkelson.
19:51 of 3rd period - Stopped by Corey Crawford without a rebound.
19:52 of 3rd period - Mikhail Grabovski wins face-off versus Drew Shore in Sasquatch zone.
19:53 of 3rd period - Snap shot by Vladimir Zharkov.
19:53 of 3rd period - Shot Blocked by Drew Shore.
19:55 of 3rd period - Slapshot by Colby Robak.
19:55 of 3rd period - Shot Blocked by Jonathan Blum.
19:57 of 3rd period - Snap shot by Mikhail Grabovski.
19:57 of 3rd period - Stopped by Corey Crawford with a rebound.
19:59 of 3rd period - Wrist shot by Mikhail Grabovski.
19:59 of 3rd period - Shot Blocked by Danny DeKeiser.
Goals for this period are 0 for Inferno vs 1 for Sasquatch.
Shots for this period are 12 for Inferno vs 13 for Sasquatch.